 Dungeon Crawl Stone Soup version 0.25-a0-942-g87a53962fc (webtiles) character file.

Game seed: 1450340708725422437, levelgen mode: deterministic

40 Flugslaktarn the Shield-Bearer (level 3, -4/33 HPs)
             Began as a Minotaur Fighter on May 7, 2020.
             Was an Initiate of Gozag.
             Killed from afar by Sigmund (8 damage)
             ... with a puff of flame
             ... on level 2 of the Dungeon.
             The game lasted 00:00:44 (704 turns).

Flugslaktarn the Shield-Bearer (Minotaur Fighter)    Turns: 704, Time: 00:00:45

Health: -4/33      AC:  8    Str: 21    XL:     3   Next: 30%
Magic:  2/2        EV:  7    Int:  5    God:    Gozag
Gold:   39         SH:  9    Dex:  9    Spells: 2/2 levels left

rFire    . . .     SeeInvis .   a - +0 war axe
rCold    . . .     Gourm    .   c - +0 kite shield
rNeg     . . .     Faith    .   b - +0 scale mail
rPois    .         Spirit   .   (helmet restricted)
rElec    .         Reflect  .   (no cloak)
rCorr    .         Harm     .   n - +0 pair of gloves
MR       .....                  (no boots)
Stlth    ..........             (no amulet)
HPRegen  0.11/turn              (no ring)
MPRegen  0.08/turn              (no ring)

@: mighty, brilliant, stab, hasted, very quick
A: retaliatory headbutt, horns 2
a: Potion Petition, Call Merchant, Bribe Branch, Renounce Religion


You were on level 2 of the Dungeon.
You worshipped Gozag.
Gozag was noncommittal.
You were not hungry.

You visited 1 branch of the dungeon, and saw 2 of its levels.

You collected 85 gold pieces.
You paid 46 gold pieces to Gozag.

Inventory:

Hand Weapons
 a - a +0 war axe (weapon)
Armour
 b - a +0 scale mail (worn)
 c - a +0 kite shield (worn)
 n - a +0 pair of gloves (worn)
   (You found it on level 1 of the Dungeon)
Scrolls
 f - 4 scrolls of teleportation {unknown}
 g - a scroll of fear {unknown}
 h - 4 scrolls of remove curse {unknown}
 m - a scroll of noise {unknown}
Potions
 l - a potion of brilliance
Comestibles
 e - 4 rations
 k - 9 chunks of flesh


   Skills:
 + Level 4.0 Fighting
 * Level 3.4 Axes
 + Level 4.0 Armour
 + Level 4.0 Shields


You had 2 spell levels left.
You didn't know any spells.
Your spell library was empty.

Dungeon Overview and Level Annotations

Branches:
Dungeon (2/15)

Altars:
Cheibriados
Gozag
Kikubaaqudgha
Okawaru

Annotations:
D:2 Sigmund


Innate Abilities, Weirdness & Mutations

You reflexively headbutt those who attack you in melee.
You have a pair of horns on your head.


Message History

Unknown command.
It was a potion of heal wounds.
You feel much better.
Unknown command.
You hit something. Something hits you!
You closely miss something. Your headbutt misses something. Something hits you!
* * * LOW HITPOINT WARNING * * *
You miss something.
Unknown command.
It was a potion of stabbing.
You feel ready to backstab. Something hits you but does no damage.
Unknown command.
You feel very mighty all of a sudden.
Unknown command.
You slash something!
You hear some strange, mumbled words.
A puff of flame appears from out of thin air!
The puff of flame hits you!
You die...
Your body crumbles into a pile of gold.

### ..# #.. #.#
#.# ##.# ... .K#
#.# #{# #.# #@#
#.# ### $
#.##.#### #.#
#.##
#....<.###.#
##..##
#.#####.##..#
#....# # #.##.##
#..)..
#.#####.##.#
#.....
#.......##.##
##...(
######..#...##
##....
#...#.#.###.##.#


You could see a kobold.

Vanquished Creatures
  3 dart slugs (D:1)
  A leopard gecko (D:1)
  2 giant cockroaches
  6 goblins
  2 hobgoblins (D:1)
  4 jackals (D:2)
  3 bats
  A frilled lizard (D:1)
  3 kobolds
  7 rats (D:1)
32 creatures vanquished.

Notes
Turn   | Place    | Note
-------+----------+-------------------------------------------
     0 | D:1      | Flugslaktarn the Minotaur Fighter began the quest for the
                  | Orb.
     0 | D:1      | Reached XP level 1. HP: 19/19 MP: 0/0
    84 | D:1      | Reached XP level 2. HP: 27/27 MP: 1/1
   446 | D:1      | Reached XP level 3. HP: 31/33 MP: 2/2
   631 | D:2      | Found an iron altar of Okawaru.
   631 | D:2      | Found a snail-covered altar of Cheibriados.
   636 | D:2      | Found an opulent altar of Gozag.
   644 | D:2      | Found an ancient bone altar of Kikubaaqudgha.
   651 | D:2      | Became a worshipper of Gozag Ym Sagoz the Greedy
   681 | D:2      | Noticed Sigmund
   704 | D:2      | Killed from afar by Sigmund

Levels and vault maps discovered:
D:1:      sevenhm_arrival_forest_fort_small_6, layout_rooms, due_unseen_surprise
D:2:      layout_loops_ring, grunt_temple_overflow_open, nrook_mini_backslash,
          chequers_arboretum, palyth_stone_intersect, corexii_corridor_pit,
          uniq_sigmund

Skill      XL: |  1  2  3 |
---------------+----------+-----
Axes           | 3 |  3.4
Shields        | 4 |  4.0
Armour         | 4 |  4.0
Fighting       | 4 |  4.0

Action                   || total
-------------------------++-------
Melee: War axe           ||    85
       Headbutt          ||    10
  Use: Potion            ||     5
Armor: Scale mail        ||    36
Dodge: Dodged            ||    23
Block: Kite shield       ||    43

Table legend:
 A = Non-vault XP
 B = Vault XP
 C = Vault XP percentage of total XP
 D = Non-vault monster count
 E = Vault monster count
 F = Vault count percentage of total count
                 A         B        C        D         E       F
            +---------+---------+-------+---------+---------+-------
      Total |      58 |       0 |   0.0 |      32 |       0 |   0.0
            +---------+---------+-------+---------+---------+-------
        D:1 |      43 |       0 |   0.0 |      24 |       0 |   0.0
        D:2 |      15 |       0 |   0.0 |       8 |       0 |   0.0
            +---------+---------+-------+---------+---------+-------
